 Dungeon Crawl Stone Soup version 0.31-a0-1611-g890cdf5 (webtiles) character file.

Game seed: 13294468145845346511

75467 PublicAnimeNo1 the Brawler (level 15, -17/180 (198) HPs)
             Began as an Oni Shapeshifter on Jan 8, 2024.
             Was the Champion of Makhleb.
             Killed from afar by an orc sorcerer (33 damage)
             ... with a bolt of negative energy
             ... led by an orc high priest
             ... on level 2 of the Orcish Mines.
             The game lasted 00:33:36 (20828 turns).

PublicAnimeNo1 the Brawler (Oni Shapeshifter)      Turns: 20828, Time: 00:33:37

HP:   -17/180 (198) AC: 10    Str: 31    XL:     15   Next: 50%
MP:   23/23         EV: 17    Int: 11    God:    Makhleb [******]
Gold: 3027          SH:  0    Dex: 13    Spells: 14/14 levels left

rFire   . .          .
                       - Unarmed
rCold   . . .        (shield currently unavailable)
rNeg    . . .        z - melded +0 acid dragon scales
rPois   +            (helmet currently unavailable)
rElec   .            (cloak currently unavailable)
rCorr   .            (gloves unavailable)
SInv    +            (boots unavailable)
Will    +....        i - amulet "Vuzeuz" {Acrobat Dex+3 Slay+6}
Stlth   +            j - +5 ring of evasion
HPRegen 0.50/turn    k - ring of see invisible
MPRegen 0.18/turn

%: acrobat
@: snake-form, studying Shapeshifting, drained
A: constrict, boosted hp, large, unfitting armour, (horns 1), (tough skin 1),
double potion healing, drunken brawling
a: Begin Untransformation, Renounce Religion, Minor Destruction, Lesser Servant
of Makhleb, Major Destruction, Greater Servant of Makhleb


You were on level 2 of the Orcish Mines.
You worshipped Makhleb.
Makhleb was exalted by your worship.
You were an enormous serpent.
You visited 4 branches of the dungeon, and saw 23 of its levels.

You collected 3027 gold pieces.

Inventory:

Hand Weapons
 C - the +8 demon blade "Leech" {evervamp, Harm ^Drain rN+}
   (You found it on level 13 of the Dungeon)

   rN+:       It protects you from negative energy.
   ^Drain:    It drains your maximum health when unequipped.
   Harm:      It increases damage dealt and taken.
Missiles
 g - 3 throwing nets
Armour
 s - a +0 cloak
 w - a +2 robe of fire resistance
 z - +0 acid dragon scales (melded)
Jewellery
 i - the amulet "Vuzeuz" (around neck) {Acrobat Dex+3 Slay+6}
   (You found it on level 6 of the Dungeon)

   [amulet of the acrobat]

   Acrobat:   It increases your evasion while moving and waiting.
   Dex+3:     It affects your dexterity (+3).
   Slay+6:    It affects your accuracy & damage with ranged weapons and melee
   (+6).
 j - a +5 ring of evasion (left hand)
 k - a ring of see invisible (right hand)
 D - a ring of protection from cold
 H - a ring of resist corrosion
 P - a ring of willpower
 Q - a ring of positive energy
Talismans
 c - a beast talisman
 d - a flux talisman
 m - a serpent talisman (active)
 O - a maw talisman
Wands
 h - a wand of paralysis (7)
 v - a wand of flame (5)
 A - a wand of polymorph (7)
 E - a wand of mindburst (7)
 G - a wand of digging (10)
 J - a wand of iceblast (16)
Scrolls
 a - 6 scrolls of enchant armour
 b - 3 scrolls of torment
 f - 12 scrolls of teleportation
 l - 7 scrolls of fear
 n - a scroll of identify
 o - 3 scrolls of vulnerability
 y - 4 scrolls of fog
 L - 4 scrolls of immolation
 N - 3 scrolls of blinking
 T - a scroll of brand weapon {unknown}
 U - a scroll of butterflies
Potions
 e - 3 potions of curing
 p - 6 potions of haste
 q - 7 potions of enlightenment
 r - 5 potions of invisibility
 t - 3 potions of brilliance
 u - 2 potions of berserk rage
 x - 3 potions of might
 B - 3 potions of attraction
 F - a potion of mutation
 I - a potion of cancellation
 K - 2 potions of resistance
 M - 2 potions of lignification
Miscellaneous
 R - a lightning rod (4/4)
 S - a phantom mirror


   Skills:
 + Level 14.9 Fighting
 - Level 6.2 Armour
 + Level 7.7 Dodging
 * Level 15.1 Unarmed Combat
 + Level 11.8 Invocations
 - Level 3.7 Evocations
 + Level 11.6 Shapeshifting


You had 14 spell levels left.
You didn't know any spells.
Your spell library contained the following spells:

 Spells                   Type           Power      Damage    Failure   Level
 Kiss of Death            Conj/Necr      0%         2d5       34%         1
 Magic Dart               Conj           0%         1d3       34%         1
 Blink                    Tloc           0%         N/A       47%         2
 Call Imp                 Summ           0%         N/A       47%         2
 Mercury Vapours          Alch/Air       0%         N/A       47%         2
 Searing Ray              Conj           0%         2d4       47%         2
 Sublimation of Blood     Necr           0%         N/A       47%         2
 Call Canine Familiar     Summ           0%         N/A       71%         3
 Confusing Touch          Hex            0%         N/A       71%         3
 Hailstorm                Conj/Ice       0%         3d5       71%         3
 Inner Flame              Hex/Fire       0%         N/A       71%         3
 Mephitic Cloud           Conj/Alch/Air  0%         N/A       71%         3
 Sigil of Binding         Hex            0%         N/A       71%         3
 Summon Ice Beast         Ice/Summ       0%         N/A       71%         3
 Dimensional Bullseye     Hex/Tloc       0%         N/A       98%         4
 Dispel Undead            Necr           0%         3d6       98%         4
 Flame Wave               Conj/Fire      0%         2d4       98%         4
 Fulminant Prism          Conj/Alch      0%         3d5       98%         4
 Petrify                  Alch/Erth      0%         N/A       98%         4
 Sticky Flame             Fire/Alch      0%         2d4       98%         4
 Vhi's Electric Charge    Tloc/Air       0%         N/A       98%         4
 Arcjolt                  Conj/Air       0%         1d10      100%        5
 Freezing Cloud           Conj/Ice/Air   0%         6-21      100%        5
 Irradiate                Conj/Alch      0%         3d11      100%        5
 Sculpt Simulacrum        Ice/Alch       0%         N/A       100%        6
 Maxwell's Capacitive Co  Air            0%         ∞         100%        8


Dungeon Overview and Level Annotations

Branches:
Dungeon (15/15)            Temple (1/1) D:6            Lair (5/5) D:8
  Swamp (0/4) Lair:2       Spider (0/4) Lair:3        Slime (0/5) Lair:5
    Orc (2/2) D:12            Elf (0/3) Orc:2        Vaults (0/5) D:13
 Depths: D:15

Altars:
Ashenzari
Cheibriados
Dithmenos
Elyvilon
Fedhas
Gozag
Hepliaklqana
Kikubaaqudgha
Makhleb
Nemelex Xobeh
Okawaru
Qazlal
Ru
Sif Muna
Trog
Uskayaw
Vehumet
Wu Jian
Xom
Yredelemnul
Zin
The Shining One
Jiyva

Portals:
Trove: D:12 (give 2 scrolls of acquirement)

Annotations:
D:6 2 transporters, rotlqkf's ghost, novice FoHu
D:7 3 runed translucent doors, Dega's ghost, novice VSFi
D:9 2 transporters, exclusions: ice statue and oklob plant, squeakweiz's ghost, journeyman TrFi
Lair:3 2 transporters, Mafah's ghost, journeyman TrSh
Lair:5 3 runed translucent doors


Innate Abilities, Weirdness & Mutations

You are an enormous serpent.
You have a powerful constriction melee attack.
Your maximum health is increased.
Your armour is entirely melded.
You are incapable of wielding weapons or throwing items.
You are too large for most types of armour.
((You have a pair of small horns on your head.))
((You have tough skin. (AC +1)))
You gain doubled healing and magic from potions.
Whenever you drink a healing potion, you attack all around you.


Message History

* * * LOW HITPOINT WARNING * * *
The orc is engulfed in poison gas.
The orc is poisoned.
The orc priest invokes the aid of Beogh against you.
Beogh smites you!
* * * LOW HITPOINT WARNING * * *
The orc is engulfed in poison gas.
The orc is poisoned.
The orc hits your green death but does no damage.
The soul eater draws from the surrounding life force!
* * * LOW HITPOINT WARNING * * *
Your green death hits the sun demon!!
The sun demon dies!
The sun demon disappears in a puff of smoke!
You take a swig of the potion and flex your muscles.
You lash the sun demon! You grab the sun demon.
The sun demon is moderately wounded.
You closely miss the soul eater.
You savour every drop.
You feel better.
You constrict the sun demon, but do no damage.
The orc dies!
Makhleb accepts your kill. The sun demon hits you.
* * * LOW HITPOINT WARNING * * *
You are engulfed in flames!
* * * LOW HITPOINT WARNING * * *
The orc high priest is engulfed in poison gas.
The orc high priest looks even sicker.
The orc high priest hits you from afar with a +0 trident.
* * * LOW HITPOINT WARNING * * *
The orc warrior is engulfed in poison gas.
The orc warrior looks even sicker.
The orc warrior misses you.
The orc is engulfed in poison gas.
The orc looks even sicker.
The orc dies!
Makhleb accepts your kill.
The orc sorcerer gestures at you while chanting.
The bolt of negative energy hits the orc!!
The orc is drained!
The orc dies!
The bolt of negative energy hits the sun demon.
The sun demon completely resists.
The bolt of negative energy hits you!!
You feel drained.
You die...

.# ##.### ..$ ###
####....## .o.##.#
#.....)).#
....#.#####.....).##
........##.......###
....................
##........#.......
#.........##......
#S......#####.....
#####33..).....#......
..o.o.)oo2§.............
.....oo○○§.#............
.....)......#......))..#
......$.....##....).).).
#........#...##........#
.#......###.##.....#####
........ #######...###


You could see a soul eater (summoned), an orc high priest (very poisoned), a sun
demon (summoned), an orc sorcerer, an orc warrior (very poisoned), an orc priest
(ally target) and a friendly green death (summoned).

Vanquished Creatures
  5 vault guards
  An ogre mage (D:10)
  A rakshasa (D:10)
  6 hydras
  Erolcha (D:12)
  6 two-headed ogres
  3 catoblepae
  5 centaur warriors
  3 tengu warriors
  2 skysharks
  A lindwurm (Lair:5)
  An arcanist (D:13)
  Pikel (D:4)
  2 orc knights
  2 cyclopes
  5 manticores
  Maurice (D:7)
  12 ugly things
  A kobold blastminer (Orc:2)
  4 elephants (Lair:5)
  2 molten gargoyles (Lair:5)
  Maggie (D:7)
  2 gargoyles
  5 black mambas
  16 cane toads
  A torpor snail (Lair:5)
  Jeremiah (D:7)
  A komodo dragon (shapeshifter) (D:10)
  10 komodo dragons
  2 unseen horrors
  2 efreet (D:13)
  2 tengu conjurers (D:14)
  3 rime drakes
  2 trolls
  2 polar bears
  A hornet (D:10)
  14 dream sheep
  Prince Ribbit (D:9)
  19 blink frogs
  A shadow (D:11)
  18 slime creatures
  3 vampires
  35 yaks
  5 wyverns
  An unseen horror simulacrum (D:10)
  9 basilisks
  A fire bat (D:6)
  A golden eye (shapeshifter) (D:10)
  2 wraiths
  2 wargs (D:14)
  2 steam dragons (Lair:5)
  A naga (shapeshifter) (D:13)
  5 vampire mosquitoes
  Duvessa (D:4)
  Edmund (D:4)
  5 acid dragons
  12 water moccasins
  4 hell hounds (Lair:5)
  2 ice beasts
  3 black bears
  14 orc warriors
  2 sky beasts
  7 wolves
  6 centaurs
  2 ogres (D:5)
  A phantom (D:4)
  A lemure (D:4)
  4 kobold brigands
  Blork the orc (D:4)
  2 gnoll sergeants
  11 bullfrogs
  A bullfrog (shapeshifter) (D:13)
  6 scorpions
  10 wights
  Dowan (D:4)
  2 killer bees (D:10)
  9 howler monkeys
  2 electric eels
  4 lava snakes (Lair:5)
  2 hounds
  2 jellies
  8 orc priests
  9 orc wizards
  A sleepcap (D:4)
  4 iguanas
  11 hell rats
  10 gnolls
  11 adders
  A shadow imp (D:8)
  3 white imps
  5 ufetubi
  52 orcs
  4 bats
  6 endoplasms
  3 giant cockroaches (D:4)
  8 goblins
  8 hobgoblins
  8 jackals
  17 kobolds
  7 quokkas
  6 ball pythons
  3 frilled lizards
  7 rats
546 creatures vanquished.

Vanquished Creatures (collateral kills)
  2 blink frogs
  8 dream sheep (Lair:5)
  A water moccasin (Lair:2)
  An orc warrior (Orc:2)
  A bullfrog (Lair:4)
  An iguana (Lair:2)
  4 orcs (Orc:2)
18 creatures vanquished.

Vanquished Creatures (others)
  An orc (Orc:2)
1 creature vanquished.

Grand Total: 565 creatures vanquished

Notes
Turn   | Place    | Note
-------+----------+-------------------------------------------
     0 | D:1      | PublicAnimeNo1 the Oni Shapeshifter began the quest for the
                  | Orb.
     0 | D:1      | Reached XP level 1. HP: 19/19 MP: 1/1
   209 | D:1      | Reached XP level 2. HP: 14/28 MP: 2/2
   434 | D:1      | Reached skill level 3 in Unarmed Combat
   920 | D:2      | Found a white marble altar of Elyvilon.
   937 | D:2      | Reached XP level 3. HP: 32/35 MP: 3/3
  1483 | D:3      | Reached XP level 4. HP: 35/44 MP: 4/4
  1497 | D:3      | Noticed a black bear
  1513 | D:3      | Reached XP level 5. HP: 47/53 MP: 5/5
  1519 | D:3      | Killed a black bear
  1520 | D:3      | Reached skill level 4 in Unarmed Combat
  1520 | D:3      | Reached XP level 6. HP: 56/61 MP: 6/6
  2101 | D:4      | Noticed Blork the orc
  2350 | D:4      | Noticed a black bear
  2364 | D:4      | Killed a black bear
  2365 | D:4      | Reached skill level 1 in Evocations
  2365 | D:4      | Reached XP level 7. HP: 53/70 MP: 7/7
  2450 | D:4      | Noticed Pikel
  2463 | D:4      | Killed Pikel
  2464 | D:4      | Reached skill level 5 in Fighting
  2464 | D:4      | Reached skill level 5 in Unarmed Combat
  2464 | D:4      | Reached XP level 8. HP: 69/80 MP: 8/8
  2489 | D:4      | Killed Blork the orc
  2748 | D:4      | Noticed Dowan
  2759 | D:4      | Killed Dowan
  2778 | D:4      | Noticed Duvessa
  2789 | D:4      | Killed Duvessa
  2790 | D:4      | Reached skill level 6 in Unarmed Combat
  3285 | D:4      | Noticed Edmund
  3294 | D:4      | Killed Edmund
  3566 | D:4      | Reached skill level 5 in Shapeshifting
  3643 | D:5      | Entered Level 5 of the Dungeon
  4241 | D:5      | Reached XP level 9. HP: 85/89 MP: 9/9
  4507 | D:5      | Reached skill level 7 in Unarmed Combat
  4689 | D:5      | Found a shimmering blue altar of Sif Muna.
  4695 | D:5      | Found an ancient bone altar of Kikubaaqudgha.
  4700 | D:5      | Found an ornate altar of the Wu Jian Council.
  4796 | D:6      | Found a shimmering altar of Xom.
  4810 | D:6      | Identified the amulet "Vuzeuz" {Acrobat Dex+3 Slay+6}
  4861 | D:6      | Reached skill level 5 in Dodging
  5270 | D:6      | Found a staircase to the Ecumenical Temple.
  5332 | Temple   | Entered the Ecumenical Temple
  5339 | Temple   | Became a worshipper of Makhleb the Destroyer
  5398 | D:6      | Identified the +1 scale mail of Least Resistance {rPois}
  5460 | D:6      | Found a transporter.
  5465 | D:6      | Found a transporter.
  5467 | D:6      | Noticed rotlqkf's ghost (novice FoHu)
  5618 | D:6      | Reached skill level 8 in Unarmed Combat
  5618 | D:6      | Reached skill level 1 in Invocations
  5774 | D:7      | Noticed Jeremiah
  5803 | D:7      | Killed Jeremiah
  5804 | D:7      | Reached XP level 10. HP: 97/104 MP: 11/11
  6155 | D:7      | Noticed Maggie
  6155 | D:7      | Noticed Maurice
  6162 | D:7      | Killed Maurice
  6162 | D:7      | Reached * piety under Makhleb
  6168 | D:7      | Killed Maggie
  6328 | D:7      | Found a glowing golden altar of the Shining One.
  6420 | D:7      | Found a runed translucent gate.
  6420 | D:7      | Found a runed translucent gate.
  6420 | D:7      | Found a runed translucent gate.
  6420 | D:7      | Noticed a kobold demonologist
  6421 | D:7      | Noticed Dega's ghost (novice VSFi)
  6423 | D:7      | Identified the +7 flail "Leplih" {flame, rF+ Dex+2}
  6508 | D:8      | Found a glowing silver altar of Zin.
  6543 | D:8      | Found an opulent altar of Gozag.
  6641 | D:8      | Reached skill level 9 in Unarmed Combat
  6659 | D:8      | Found a staircase to the Lair.
  6983 | D:8      | Found a sacrificial altar of Ru.
  7376 | D:9      | Noticed an ice statue
  7378 | D:9      | Found a transporter.
  7380 | D:9      | Noticed squeakweiz's ghost (journeyman TrFi)
  7383 | D:9      | Noticed a two-headed ogre
  7384 | D:9      | Noticed a centaur warrior
  7406 | D:9      | Noticed a centaur warrior
  7415 | D:9      | Noticed an oklob plant
  7425 | D:9      | Noticed a two-headed ogre
  7432 | D:9      | Killed a two-headed ogre
  7550 | D:9      | Noticed Prince Ribbit
  7555 | D:9      | Killed Prince Ribbit
  7566 | D:9      | Found a transporter.
  7577 | D:9      | Found a radiant altar of Vehumet.
  7585 | D:9      | Reached XP level 11. HP: 97/115 MP: 14/14
  7873 | D:10     | Entered Level 10 of the Dungeon
  7897 | D:10     | Found an iron altar of Okawaru.
  7959 | D:10     | Reached skill level 5 in Invocations
  8062 | D:10     | Reached ** piety under Makhleb
  8063 | D:10     | Reached skill level 1 in Armour
  8093 | D:10     | Reached skill level 10 in Unarmed Combat
  8221 | D:10     | Identified the +1 helmet of Absence {Dex+2}
  8318 | D:10     | Noticed a two-headed ogre
  8335 | D:10     | Killed a two-headed ogre
  8617 | D:10     | Noticed a centaur warrior
  8627 | D:10     | Killed a centaur warrior
  8628 | D:10     | Reached skill level 10 in Fighting
  8649 | D:10     | Noticed an ogre mage
  8659 | D:10     | Killed an ogre mage
  8668 | D:10     | Noticed a two-headed ogre
  8670 | D:10     | Killed a two-headed ogre
  8695 | D:10     | Noticed a manticore
  8702 | D:10     | Killed a manticore
  8773 | D:10     | Noticed a brown ugly thing
  8773 | D:10     | Noticed a rakshasa
  8773 | D:10     | Noticed a manticore
  8773 | D:10     | Noticed a centaur warrior
  8837 | Lair:1   | Entered Level 1 of the Lair of Beasts
  9238 | Lair:1   | Reached skill level 11 in Unarmed Combat
  9238 | Lair:1   | Reached XP level 12. HP: 111/128 MP: 15/17
  9239 | Lair:1   | Reached *** piety under Makhleb
 10504 | Lair:2   | Noticed a five-headed hydra
 10510 | Lair:2   | Killed a five-headed hydra
 10606 | Lair:2   | Noticed a seven-headed hydra
 10612 | Lair:2   | Killed a seven-headed hydra
 10994 | Lair:2   | Found a staircase to the Swamp.
 11314 | Lair:3   | Noticed a five-headed hydra
 11325 | Lair:3   | Killed a five-headed hydra
 11326 | Lair:3   | Reached skill level 12 in Unarmed Combat
 11412 | Lair:3   | Reached skill level 5 in Armour
 11418 | Lair:3   | Reached **** piety under Makhleb
 11458 | Lair:3   | Found a hole to the Spider Nest.
 11564 | Lair:3   | Reached XP level 13. HP: 139/139 MP: 19/19
 11713 | Lair:3   | Noticed Mafah's ghost (journeyman TrSh)
 11979 | Lair:3   | Found a transporter.
 12010 | Lair:3   | Found a transporter.
 12454 | Lair:4   | Identified a scroll of acquirement
 12454 | Lair:4   | Acquired 1337 gold pieces
 13187 | Lair:4   | Identified the +0 leather armour of Tuptiock {Harm *Slow
                  | rElec Will+}
 13540 | Lair:5   | Entered Level 5 of the Lair of Beasts
 13540 | Lair:5   | Noticed an acid blob
 13540 | Lair:5   | Found a runed translucent door.
 13540 | Lair:5   | Found a viscous altar of Jiyva.
 13565 | Lair:5   | Found a staircase to the Slime Pits.
 13724 | Lair:5   | Reached skill level 13 in Unarmed Combat
 14278 | Lair:5   | Reached XP level 14. HP: 145/153 MP: 21/21
 14291 | Lair:5   | Reached ***** piety under Makhleb
 14322 | Lair:5   | Reached skill level 10 in Invocations
 14950 | Lair:5   | Found a large runed translucent door.
 14951 | Lair:5   | Found a large runed translucent door.
 14980 | Lair:5   | Reached skill level 10 in Shapeshifting
 15882 | D:10     | Identified the +11 long sword of Arrival {elec, rPois
                  | Int+3}
 15903 | D:10     | Reached skill level 14 in Unarmed Combat
 16285 | D:10     | Found a sparkling altar of Nemelex Xobeh.
 16340 | D:10     | Acquired a manual of Shapeshifting
 17723 | D:12     | Found a staircase to the Orcish Mines.
 17965 | D:12     | Identified the +4 robe "Qitryen" {rCorr}
 18083 | D:12     | Found a portal to a secret trove of treasure.
 18182 | D:12     | Reached ****** piety under Makhleb
 18270 | D:12     | Noticed Erolcha
 18276 | D:12     | Killed Erolcha
 18519 | D:13     | Found the +8 demon blade "Leech" {evervamp, Harm ^Drain
                  | rN+}
 18547 | D:13     | Reached XP level 15. HP: 99/165 MP: 23/23
 18795 | D:13     | Found a gate to the Vaults.
 19168 | D:13     | Identified the +2 morningstar of the Maze {venom, rPois
                  | rC++ Int+5}
 19350 | D:13     | You fall into a shaft and drop 2 floors!
 19350 | D:15     | Entered Level 15 of the Dungeon
 19528 | D:14     | Reached skill level 15 in Unarmed Combat
 20256 | D:14     | Identified the +4 whip "Eqemefan" {speed, rElec Will-
                  | Int+3}
 20603 | Orc:1    | Entered Level 1 of the Orcish Mines
 20693 | Orc:2    | Entered Level 2 of the Orcish Mines
 20780 | Orc:2    | Found a staircase to the Elven Halls.
 20828 | Orc:2    | Killed from afar by an orc sorcerer

Illustrated notes

Levels and vault maps discovered:
D:1:      psy_arrival_spokes, layout_basic
D:2:      layout_basic, basic_altar, serial_bayou, serial_bayou_pond_c,
          serial_bayou_shore_b, serial_bayou_ford_a, serial_bayou_pond_e
D:3:      minmay_recursive_quarters, layout_basic, minmay_misc_feat_rugged
D:4:      layout_loops_corners, kennysheep_generic_room_16, uniq_edmund,
          uniq_duvessa, uniq_blork_the_orc, uniq_pikel
D:5:      layout_basic, minmay_overflow_temple_star_quad,
          lexackson_kobold_supper
D:6:      minmay_opposing_rooms, layout_cave_pools, regret_index_xom_of_box,
          minmay_temple_entry_antechambers, serial_park, serial_park_tiny_2,
          serial_park_square3 [serial_park_minivault_5x5_7], serial_park_tiny_2,
          gammafunk_ghost_gnarly_gnolls
D:7:      layout_gridville, tso_oasis_becter, gammafunk_ghost_nasty_kobolds,
          minmay_door_square, uniq_maggie, uniq_jeremiah, uniq_maurice
D:8:      layout_basic, mainiacjoe_overflow_chevrons,
          mainiacjoe_overflow_large_starburst, lair_entry_dummy, minivault_23
D:9:      layout_roguey, mainiacjoe_overflow_tiny_flanked, nzn_ghost_randoct,
          uniq_prince_ribbit1
D:10:     minmay_the_grid_octo_2x2 [minmay_the_grid_octo_focus,
          minmay_the_grid_octo_fan_narrow, minmay_the_grid_octo_77,
          minmay_the_grid_octo_prize_big_c], layout_cave_pods,
          nemelex_diamond_rough_becter, mainiacjoe_overflow_cross_hatched,
          minmay_holes
D:11:     layout_loops_cross
D:12:     layout_rooms, david_orc_5, enter_trove_5, serial_bayou_pond_a,
          uniq_erolcha
D:13:     layout_loops_ring, lightli_vaults_fourway_checkpoint, drop_trap
D:14:     layout_roguey, serial_bayou_lagoon_a
D:15:     hangedman_depths_entry_civil_slaughter, layout_layer_cave,
          chequers_garden, nrook_pool_corridor, uniq_roxanne
Temple:   minmay_freezing_vapour_temple
Lair:1:   layout_gridlike, chequers_serial_rivers_micro_b, minivault_19,
          grunt_megastairs_4, serial_bayou_shore_b
Lair:2:   layout_chaotic_city, minmay_swamp_entry_reptiles, serial_bayou_shore_b
Lair:3:   layout_hall_layers, dummy_spider_entry, gammafunk_ghost_hive
Lair:4:   layout_gridlike, serial_bayou_shore_b
Lair:5:   cheibrodos_lair_end_hotspot, layout_hall_layers, slime_entry_2,
          fungi_pond_lemuel
Orc:1:    layout_caves
Orc:2:    st_orc_elflike, layout_diamond_mine

Skill      XL: |  1  2  3  4  5  6  7  8  9 10 11 12 13 14 15 |
---------------+----------------------------------------------+-----
Dodging        | 2 3 4 5 7 |  7.7
Unarmed Combat | 3 4 5 6 8 9 11 12 13 14 15 | 15.1
Fighting       | 2 3 4 5 6 7 9 10 11 13 14 | 14.9
Evocations     | 1 2 3 |  3.7
Shapeshifting  | 4 5 6 7 8 9 10 11 | 11.6
Invocations    | 2 4 6 8 9 11 | 11.8
Armour         | 3 5 6 |  6.2

Action                     |  1- 3 |  4- 6 |  7- 9 | 10-12 | 13-15 || total
---------------------------+-------+-------+-------+-------+-------++-------
  Melee: Unarmed           |    91 |    84 |   224 |   351 |   681 ||  1431
         Headbutt          |    10 |    14 |    41 |    89 |    31 ||   185
         Punch             |       |     3 |     5 |    19 |    11 ||    38
         Constrict         |       |       |       |       |   130 ||   130
         Maw               |       |       |       |       |    25 ||    25
 Invoke: Minor Destruction |       |       |       |    16 |    20 ||    36
         Lesser Servant of |       |       |       |     3 |     7 ||    10
         Major Destruction |       |       |       |       |     1 ||     1
         Greater Servant o |       |       |       |       |     1 ||     1
  Evoke: Wand              |       |     2 |    12 |    16 |       ||    30
    Use: Potion            |     2 |     2 |     2 |       |     3 ||     9
         Scroll            |     1 |       |    16 |     3 |     8 ||    28
   Stab: Sleeping          |       |       |     1 |       |     1 ||     2
         Paralysed         |       |       |       |     3 |       ||     3
         Distracted        |       |       |       |     1 |     1 ||     2
         Petrified         |       |       |       |       |    12 ||    12
 Armour: Animal skin       |    50 |    40 |     2 |       |       ||    92
         Skin              |       |     8 |     7 |       |   367 ||   382
         Robe              |       |       |    73 |    17 |       ||    90
         Acid dragon scale |       |       |       |   140 |    23 ||   163
  Dodge: Dodged            |    46 |    58 |   113 |   257 |   451 ||   925
   Form: Serpent           |       |       |       |       |     2 ||     2
         Maw               |       |       |       |       |     1 ||     1

Table legend: (Time is in decaauts)
 A = Elapsed time spent in this place.
 B = Non-inter-level travel time spent in this place.
 C = Inter-level travel time spent in this place.
 D = Time resting spent in this place.
 E = Time spent auto-exploring this place.
 F = Levels seen in this place.
 G = Mean time per level.
                   A        B        C        D        E       F      G
               +--------+--------+--------+--------+--------+-----+--------+
         Total |  20557 |  19575 |    982 |   2701 |  13798 |  23 |  893.8 |
       Dungeon |  13472 |  12809 |    663 |   1919 |   8848 |  15 |  898.1 |
        Temple |     12 |     12 |      0 |      0 |      0 |   1 |   12.0 |
          Lair |   6858 |   6550 |    308 |    782 |   4807 |   5 | 1371.6 |
  Orcish Mines |    214 |    204 |     10 |      0 |    143 |   2 |  107.0 |
               +--------+--------+--------+--------+--------+-----+--------+

Top non-repeatable levels by time:
  Lair:5: 2102 daAuts
    D:10: 1838 daAuts
  Lair:1: 1521 daAuts
     D:4: 1493 daAuts
  Lair:3: 1237 daAuts
  Lair:4: 1142 daAuts
    D:13: 1107 daAuts
     D:5: 1091 daAuts
    D:12: 1076 daAuts
     D:6: 915 daAuts
    D:14: 861 daAuts
  Lair:2: 854 daAuts
     D:3: 803 daAuts
     D:1: 780 daAuts
     D:8: 770 daAuts
